 Dungeon Crawl Stone Soup version 0.28.0 (webtiles) character file.

Game seed: 15603921307901138886

1073 AmazingTV the Covert (level 8, 0/40 HPs)
             Began as a Spriggan Brigand on June 30, 2022.
             Was a Follower of Trog.
             Killed from afar by Dowan (13 damage)
             ... with a stone arrow
             ... on level 5 of the Dungeon.
             The game lasted 00:21:22 (5952 turns).

AmazingTV the Covert (Spriggan Brigand)             Turns: 5952, Time: 00:21:23

Health: 0/40       AC:  3    Str:  9    XL:     8   Next: 7%
Magic:  9/9        EV: 34    Int: 12    God:    Trog [*.....]
Gold:   194        SH:  0    Dex: 17    Spells: 7/7 levels left

rFire   . . .      SeeInvis +   a - +2 dagger (venom) {short}
rCold   + . .      Faith    .   (no shield)
rNeg    . . .      Spirit   .   l - +0 robe
rPois   .          Reflect  .   (helmet restricted)
rElec   .          Harm     .   c - +0 cloak
rCorr   .          Rampage  .   (gloves unavailable)
Will    ++...                   (boots unavailable)
Stlth   ++++......              m - amulet of the acrobat
HPRegen 0.13/turn               w - ring of willpower
MPRegen 0.11/turn               x - ring of protection from cold

@: acrobatic, very quick
A: very small, no large weapons, unfitting armour, see invisible, speed 3
a: Renounce Religion, Berserk


You were on level 5 of the Dungeon.
You worshipped Trog.
Trog was aware of your devotion.
You visited 2 branches of the dungeon, and saw 6 of its levels.

You collected 194 gold pieces.


Innate Abilities, Weirdness & Mutations

You are very small and have problems with some larger weapons.
You are too small for most types of armour.
You have supernaturally acute eyesight. (SInv)
You cover ground extremely quickly. (Speed+++)


   Skills:
 + Level 3.4 Fighting
 + Level 4.5 Short Blades
 + Level 4.4(5.6) Slings
 + Level 4.4(5.0) Throwing
 + Level 5.0 Dodging
 + Level 8.3 Stealth


You had 7 spell levels left.
You didn't know any spells.
Your spell library contained the following spells:

 Spells                   Type           Power      Damage    Failure   Level
 Slow                     Hex            0%         N/A       32%         1
 Confusing Touch          Hex            0%         N/A       69%         3
 Vampiric Draining        Necr           0%         2d6       69%         3
 Animate Armour           Summ/Erth      0%         N/A       97%         4
 Blade Hands              Tmut           0%         N/A       100%        5
 Iron Shot                Conj/Erth      0%         9d1       100%        6

Inventory:

Hand Weapons
 a - a +2 dagger of venom (weapon) {short}
   (You took it off a goblin on level 3 of the Dungeon)
 b - a +0 short sword {short}
   (You took it off a kobold on level 2 of the Dungeon)
 r - a +2 dagger {short}
Missiles
 d - 14 poisoned darts (quivered)
 e - 2 curare-tipped darts {=f}
 i - 15 sling bullets
 j - 62 stones
 v - 35 arrows
 D - 15 bolts
Armour
 c - a +0 cloak (worn)
 l - a +0 robe (worn)
Jewellery
 m - an amulet of the acrobat (around neck)
   (You found it on level 2 of the Dungeon)
 s - an amulet of reflection
   (You found it on level 3 of the Dungeon)
 w - a ring of willpower (left hand)
   (You found it on level 4 of the Dungeon)
 x - a ring of protection from cold (right hand)
   (You found it on level 4 of the Dungeon)
Wands
 t - a wand of iceblast (6)
   (You found it on level 4 of the Dungeon)
 B - a wand of digging (5)
   (You found it on level 5 of the Dungeon)
Scrolls
 f - 4 scrolls of teleportation {unknown}
 h - 9 scrolls of identify {unknown}
 k - 3 scrolls of holy word {unknown}
 n - a scroll of vulnerability {unknown}
 p - a scroll of blinking {unknown}
 y - a scroll of enchant weapon {unknown}
 C - 3 scrolls of enchant armour {unknown}
Potions
 g - 2 potions of curing {unknown}
 o - 2 potions of might {unknown}
 q - a potion of invisibility {unknown}
 u - a potion of brilliance {unknown}
 z - a potion of flight {unknown}
 A - a potion of haste {unknown}

Dungeon Overview and Level Annotations

Branches:
Dungeon (5/15)             Temple (1/1) D:4

Altars:
Cheibriados
Dithmenos
Elyvilon
Fedhas
Gozag
Kikubaaqudgha
Nemelex Xobeh
Okawaru
Qazlal
Ru
Sif Muna
Trog
Uskayaw
Vehumet
Wu Jian
Xom
Yredelemnul
Zin

Shops:
D:2 [

Annotations:
D:3 1 runed translucent door, Jonnyslop's ghost, amateur HOFi
D:5 Dowan

.......#.......# ...
.......'.......####'####
.......#.......#.......#
#......#.[....##.......##
'......#.....g'.........+
##...#####...##.........#
##.#'#...#'#.#...........
####.......#####.......#
##........g..###@#...#+#
###.[.....).###..#####
#.'.....†...'.#e##.#
#.##.......##g.....#
...#.......####.####
...####+####......#
........###.......####
.......................
.......####...#.#.#####


You could see Dowan (fast, very poisoned).


Message History

You barely miss Duvessa. Duvessa completely misses you.
Dowan casts a spell.
Dowan blinks!
There is an open door here.
You barely miss Duvessa.
Duvessa hits you with a +0 rapier! 😮 HP[-9]
You take 9 damage, and now have 27/36 hp.
MASSIVE DAMAGE!! (PAUSE) Dowan gestures at you while chanting.
The puff of flame misses you. Duvessa completely misses you.
You closely miss Duvessa.
Dowan points at Duvessa and mumbles some strange words.
Duvessa seems to speed up.
You hit Duvessa.
Duvessa looks even sicker.
Duvessa closely misses you.
You closely miss Duvessa.
Duvessa hits you with a +0 rapier. 😮 HP[-1]
You take 1 damage, and now have 26/36 hp.
Duvessa says, "When magic and the sword combine, nothing stands against them."
There is an open door here. 😮 HP[+1]
You barely miss Duvessa. Duvessa barely misses you.
You see here a +0 leather armour.
You hit Duvessa.
Duvessa looks as sick as possible!
Duvessa completely misses you.
Dowan gestures wildly while chanting.
Dowan blinks!
Duvessa says, "Beauty is only skin deep, and my weapons penetrate much further than that."
You hit Duvessa but do no damage.
Duvessa looks as sick as possible!
Duvessa hits you with a +0 rapier. x2 😮 HP[-7]
You take 7 damage, and now have 20/36 hp.
Dowan hits you with a +0 dagger.
* * * LOW HITPOINT WARNING * * *
😨 HP[-2]
You take 2 damage, and now have 18/36 hp.
Dowan points at you and mumbles some strange words.
The puff of frost misses you. 😮 HP[+1] Dowan points at you and mumbles some strange words.
The puff of flame misses you.
You hit Duvessa but do no damage.
Duvessa looks as sick as possible!
You kill Duvessa!
Trog accepts your kill.
Dowan screams, "No!
No!"
Dowan seems to find hidden reserves of power!
Your Dodging skill increases to level 5!
You have reached level 8! 😮 HP[+2] MP[+1]
You now have 40 max hp (+4).
You regained 2 hp, and now have 21/40 hp.
Your mp is fully restored (9).
There is an open door here.
You close the door.
Dowan breaks down the door.
Dowan gestures wildly while chanting.
Dowan blinks!
You start resting.
Dowan is nearby! 😮 HP[+1] Dowan misses you.
You closely miss Dowan. Dowan closely misses you.
You hit Dowan.
Dowan is poisoned.
Dowan points at you and mumbles some strange words.
The shard of ice hits you. You partially resist.
* * * LOW HITPOINT WARNING * * *
😨 HP[-6]
You take 6 damage, and now have 16/40 hp.
Dowan says, "Her death will not be in vain!"
There is an open door here.
The gnoll shouts!
The gnoll throws a poisoned dart.
The poisoned dart barely misses you. 😨 HP[+1] As you open the door, it creaks loudly!
You hear an angry hiss.
Dowan misses you. Dowan closely misses you.
There is an open door here.
You hit Dowan but do no damage.
Dowan looks even sicker.
Dowan barely misses you.
Dowan says, "Magic will overcome all!"
Dowan casts a spell at you. The stone arrow misses you.
There is an open door here. 😨 HP[+1]
You barely miss Dowan. Dowan closely misses you.
Dowan gestures at you while chanting. The stone arrow misses you.
There is a broken door here.
Dowan gestures wildly while chanting.
Dowan blinks!
The gnoll throws a poisoned dart.
The poisoned dart completely misses you.
You closely miss Dowan. Dowan hits you with a +0 dagger.
* * * LOW HITPOINT WARNING * * *
😨 HP[-6]
You take 6 damage, and now have 12/40 hp.
Dowan completely misses you.
You barely miss Dowan.
Dowan closely misses you. 😨 HP[+1] Dowan casts a spell at you.
The stone arrow hits you!
You die...

Skill      XL: |  1  2  3  4  5  6  7 |
---------------+----------------------+-----
Stealth        | 6 7 8 |  8.3
Slings         | 1 2 3 4 |  4.4
Fighting       | 2 3 |  3.4
Short Blades   | 3 4 |  4.5
Dodging        | 3 4 5 |  5.0
Throwing       | 3 4 |  4.4

Action                   |  1- 3 |  4- 6 |  7- 9 || total
-------------------------+-------+-------+-------++-------
Melee: Dagger            |    33 |   117 |    73 ||   223
       Short sword       |    24 |       |       ||    24
       Punch             |       |     4 |     1 ||     5
Throw: Dart              |     1 |     7 |     6 ||    14
 Stab: Sleeping          |    11 |     4 |     5 ||    20
       Distracted        |     1 |     1 |       ||     2
Armor: Robe              |     6 |    10 |       ||    16
Dodge: Dodged            |    23 |    73 |    75 ||   171

Levels and vault maps discovered:
D:1:      scummos_arrival_gate, layout_basic, ebering_ecumenical_altar_rust
D:2:      layout_loops_ring, serial_shops, shop, uniq_sigmund
D:3:      layout_loops_ring, gammafunk_ghost_grave
D:4:      layout_cave_pods, grunt_temple_overflow_open,
          minmay_temple_entry_water_ring, uniq_grinder, uniq_ijyb
D:5:      nicolae_cairo_tiling_very_big, layout_loops_corners, tso_oasis_becter,
          minmay_fractal_squares_5, uniq_duvessa
Temple:   cyrus_circular_temple

Notes
Turn   | Place    | Note
-------+----------+-------------------------------------------
     0 | D:1      | AmazingTV the Spriggan Brigand began the quest for the Orb.
     0 | D:1      | Reached XP level 1. HP: 10/10 MP: 2/2
     0 | D:1      | magus.rc [v1.9.6]
   212 | D:1      | Found a faded altar of an unknown god.
   325 | D:1      | Reached skill level 6 in Stealth
   342 | D:1      | Reached XP level 2. HP: 15/15 MP: 3/3
   691 | D:2      | Reached skill level 1 in Slings
  1029 | D:2      | Found Nymac's Armour Shoppe.
  1659 | D:2      | Reached XP level 3. HP: 18/18 MP: 4/4
  1672 | D:2      | Noticed Sigmund
  1677 | D:2      | Killed Sigmund
  1678 | D:2      | Reached skill level 2 in Fighting
  1678 | D:2      | Reached skill level 3 in Short Blades
  1678 | D:2      | Reached skill level 2 in Slings
  1678 | D:2      | Reached skill level 3 in Dodging
  1678 | D:2      | Reached XP level 4. HP: 23/23 MP: 5/5
  1678 | D:2      | Reached XP level 5. HP: 26/26 MP: 6/6
  2331 | D:3      | Found a runed translucent door.
  2332 | D:3      | Noticed Jonnyslop's ghost (amateur HOFi)
  2424 | D:3      | You pick up a book of Debilitation and begin reading...
  2424 | D:3      | You add the spells Slow, Vampiric Draining and Confusing
                  | Touch to your library.
  2995 | D:4      | Found a glowing silver altar of Zin.
  2996 | D:4      | Found an iron altar of Okawaru.
  3001 | D:4      | Found a basalt altar of Yredelemnul.
  3006 | D:4      | Found a blossoming altar of Fedhas.
  3007 | D:4      | Found a stormy altar of Qazlal.
  3043 | D:4      | Found a staircase to the Ecumenical Temple.
  3066 | D:4      | Reached skill level 3 in Throwing
  3066 | D:4      | Reached skill level 7 in Stealth
  3066 | D:4      | Reached XP level 6. HP: 32/32 MP: 7/7
  3074 | Temple   | Entered the Ecumenical Temple
  3140 | Temple   | Became a worshipper of Trog the Wrathful
  3432 | D:4      | Noticed Grinder
  3481 | D:4      | Reached skill level 3 in Slings
  3662 | D:4      | Paralysed by Grinder for 6 turns
  3666 | D:4      | HP: 6/32 [Grinder (5)]
  3988 | D:4      | Killed Grinder
  3989 | D:4      | Reached skill level 3 in Fighting
  3989 | D:4      | Reached skill level 4 in Dodging
  3989 | D:4      | Reached XP level 7. HP: 14/36 MP: 8/8
  4250 | D:4      | Noticed Ijyb
  4285 | D:4      | Killed Ijyb
  4563 | D:4      | Reached skill level 4 in Short Blades
  4933 | D:5      | Entered Level 5 of the Dungeon
  4969 | D:5      | Noticed a yak
  4969 | D:5      | Noticed a yak
  4969 | D:5      | Noticed a yak
  4969 | D:5      | Noticed a yak
  4969 | D:5      | Noticed a yak
  5200 | D:5      | HP: 9/36 [gnoll sergeant (1)]
  5506 | D:5      | Reached skill level 4 in Throwing
  5542 | D:5      | You pick up a book of Iron {forbidden} and begin reading...
  5542 | D:5      | You add the spells Animate Armour, Blade Hands and Iron
                  | Shot to your library.
  5593 | D:5      | Reached * piety under Trog
  5645 | D:5      | Noticed a troll
  5707 | D:5      | Killed a troll
  5708 | D:5      | Reached skill level 4 in Slings
  5708 | D:5      | Reached skill level 8 in Stealth
  5870 | D:5      | Noticed Duvessa
  5870 | D:5      | Noticed Dowan
  5909 | D:5      | Killed Duvessa
  5910 | D:5      | Reached skill level 5 in Dodging
  5910 | D:5      | Reached XP level 8. HP: 21/40 MP: 9/9
  5952 | D:5      | Killed from afar by Dowan

Vanquished Creatures
  A troll (D:5)
  Grinder (D:4)
  Sigmund (D:2)
  Duvessa (D:5)
  A kobold brigand (D:4)
  A gnoll sergeant (D:5)
  A scorpion (D:4)
  A hound (D:4)
  An iguana (D:5)
  Ijyb (D:4)
  2 hound skeletons (D:4)
  A gnoll (D:5)
  4 adders
  2 ufetubi (D:5)
  6 worms
  A dart slug (D:3)
  7 orcs (D:4)
  3 ball pythons
  2 bats
  5 endoplasms
  A giant cockroach (D:1)
  4 goblins
  3 hobgoblins
  2 kobolds
  6 quokkas
  2 frilled lizards
  2 rats
63 creatures vanquished.

Vanquished Creatures (others)
  2 withered plants (D:3)
2 creatures vanquished.

Grand Total: 65 creatures vanquished

Table legend:
 A = Non-vault XP
 B = Vault XP
 C = Vault XP percentage of total XP
 D = Non-vault monster count
 E = Vault monster count
 F = Vault count percentage of total count
                 A         B        C        D         E       F
            +---------+---------+-------+---------+---------+-------
      Total |     863 |     671 |  43.7 |      59 |       4 |   6.3
            +---------+---------+-------+---------+---------+-------
        D:1 |      14 |       0 |   0.0 |       8 |       0 |   0.0
        D:2 |      47 |     212 |  81.9 |      15 |       1 |   6.2
        D:3 |      19 |       0 |   0.0 |       8 |       0 |   0.0
        D:4 |     328 |     312 |  48.8 |      21 |       2 |   8.7
        D:5 |     455 |     147 |  24.4 |       7 |       1 |  12.5
            +---------+---------+-------+---------+---------+-------

Illustrated notes

Table legend:
 A = Kills in this place as a percentage of kills in entire the game.
 B = Kills by you in this place as a percentage of kills by you in the entire game.
 C = Kills by friends in this place as a percentage of kills by friends in the entire game.
 D = Other kills in this place as a percentage of other kills in the entire game.
 E = Experience gained in this place as a percentage of experience gained in the entire game.
 F = Experience gained in this place divided by the number of levels of this place that you have seen.
                   A       B       C       D       E      F
               +-------+-------+-------+-------+-------+----------------------
         Total | 100.0 | 100.0 |   N/A |   N/A | 100.0 | 255.7
       Dungeon | 100.0 | 100.0 |   N/A |   N/A | 100.0 | 306.8
               +-------+-------+-------+-------+-------+----------------------

Table legend: (Time is in decaauts)
 A = Elapsed time spent in this place.
 B = Non-inter-level travel time spent in this place.
 C = Inter-level travel time spent in this place.
 D = Time resting spent in this place.
 E = Time spent auto-exploring this place.
 F = Levels seen in this place.
 G = Mean time per level.
                   A        B        C        D        E       F      G
               +--------+--------+--------+--------+--------+-----+--------+
         Total |   4613 |   4474 |    139 |   2084 |   1553 |   6 |  768.8 |
       Dungeon |   4312 |   4190 |    122 |   1836 |   1528 |   5 |  862.4 |
        Temple |    300 |    284 |     16 |    248 |     25 |   1 |  300.0 |
               +--------+--------+--------+--------+--------+-----+--------+

Top non-repeatable levels by time:
     D:4: 1664 daAuts
     D:1: 1016 daAuts
     D:2: 812 daAuts
     D:5: 462 daAuts
     D:3: 356 daAuts
  Temple: 300 daAuts
